Sewer Rats vs Atomiques

Created - November 17, 2020 at 19:25

Goals
1 2 3 T
Sewer Rats 0 4 3 7
Atomiques 2 1 0 3
Shots
1 2 3 T
Sewer Rats 7 14 11 32
Atomiques 15 5 8 28

1st period

1. Atomiques , Oscar Sundqvist 4 (Christian Fischer 5, Oliver Kylington 6) at 1:27
2. Atomiques , Michael Chaput 6 (Jeremy Lauzon 5, William Nylander 7) at 7:15

Penalties :
Dylan Strome (STB) for Holding (Minor) at 13:57

2nd period

3. Sewer Rats , Mark Mancari 14 (Dmitrij Jaskin 4, John Ramage 2) at 3:05
4. Sewer Rats , Dmitrij Jaskin 2 (Jarred Tinordi 10) at 7:48
5. Atomiques , Brock McGinn 13 (Oscar Sundqvist 10, Cody Goloubef 6) at 16:07
6. Sewer Rats , Vincent Trocheck 1 (Stefan Elliott 9, Mark Mancari 5) at 17:08
7. Sewer Rats , Joel Edmundson 1 (Vincent Trocheck 6, Daniel Carr 11) at 19:51 (PP)

Penalties :
Erik Condra (Tol) for Holding (Minor) at 4:55, Dylan Strome (STB) for Holding (Minor) at 9:13, Cody Goloubef (STB) for Goalie Interference (Minor) at 17:11, Chase De Leo (STB) for Hooking (Minor) at 19:40

3rd period

8. Sewer Rats , Anthony Duclair 2 (Dmitrij Jaskin 5) at 1:05
9. Sewer Rats , Zach Aston-Reese 2 (Joel Edmundson 5, Jared McCann 2) at 1:58
10. Sewer Rats , Joseph Blandisi 4 (Erik Condra 10, Jonathan Marchessault 10) at 3:51

Penalties :
Matt Tennyson (STB) for Diving (Minor) at 4:06, Joel Edmundson (Tol) for Hooking (Minor) at 12:32, Christian Fischer (STB) for High sticking (Minor) at 15:26

Goalie Stats

Darcy Kuemper (Tol), 25 saves from 28 shots - (0.893), W, 3-1-0, 60:00 minutes
Alex Nedeljkovic (STB), 18 saves from 23 shots - (0.783), L, 7-5-0, 41:05 minutes
Kaapo Kahkonen (STB), 7 saves from 9 shots - (0.778), 18:55 minutes

Players Stats for Sewer Rats

Player Name              G  A  P  +/- PIM S  H  SB GA TA FO     MP     PP MP  PK MP  
------------------------------------------------------------------------------------
Anthony Duclair          1  0  1   1  0   2  0  0  0  0  0/0    10:46   0:00   0:00 
Connor Carrick           0  0  0   0  0   0  1  1  0  0  0/0     9:58   0:00   0:34 
Daniel Carr              0  1  1   0  0   1  0  1  1  0  3/4    20:16   5:14   1:04 
Dmitrij Jaskin           1  2  3   1  0   1  3  0  1  0  0/0    12:25   1:00   0:00 
Drake Caggiula           0  0  0   1  0   0  1  1  0  0  4/5    10:57   0:00   0:11 
Erik Condra              0  1  1   1  2   2  2  0  0  0  0/0    16:37   4:23   0:13 
Jared McCann             0  1  1   1  0   4  2  0  0  0  2/4     7:40   0:00   0:00 
Jarred Tinordi           0  1  1   2  0   1  1  1  0  0  0/0    21:55   0:00   2:53 
Joel Edmundson           1  1  2   1  2   1  4  2  0  1  0/0    18:57   4:24   0:31 
John Ramage              0  1  1   1  0   0  1  0  0  0  0/0    18:37   4:24   1:05 
Jonathan Marchessault    0  1  1   1  0   1  2  0  0  0  1/9    16:32   4:34   0:00 
Joseph Blandisi          1  0  1   1  0   2  2  2  0  0  0/0    16:21   4:23   0:00 
Mark Mancari             1  1  2   0  0   8  1  2  0  2  2/3    22:26   4:43   2:54 
Nick Cousins             0  0  0   1  0   2  1  0  0  0  0/0     9:08   0:05   0:40 
Ryan Murphy              0  0  0   0  0   0  0  1  0  0  0/0    10:10   0:43   0:00 
Stefan Elliott           0  1  1   2  0   1  1  1  3  1  0/0    27:16   5:03   2:53 
Thomas Chabot            0  0  0   0  0   0  0  0  0  1  0/0     9:58   5:38   0:00 
Vincent Trocheck         1  1  2   0  0   5  2  0  1  0  20/33  22:36   4:53   2:54 
Xavier Ouellet           0  0  0   0  0   0  0  0  0  0  0/0     4:03   0:00   0:00 
Zach Aston-Reese         1  0  1   1  0   1  1  1  0  0  0/0     9:22   1:03   0:00 

Players Stats for Atomiques

Player Name              G  A  P  +/- PIM S  H  SB GA TA FO     MP     PP MP  PK MP  
------------------------------------------------------------------------------------
Brendan Guhle            0  0  0   1  0   0  1  0  0  0  0/0    16:22   0:00   5:09 
Brendan Perlini          0  0  0   0  0   2  0  0  0  0  0/0    11:48   0:00   0:00 
Brock McGinn             1  0  1   1  0   5  2  0  2  1  1/3    21:42   2:20   4:35 
Chase De Leo             0  0  0  -1  2   0  0  0  0  0  0/0     7:04   0:00   0:29 
Christian Fischer        0  1  1   1  2   1  1  0  0  0  0/1    17:08   2:20   0:00 
Cody Goloubef            0  1  1  -3  2   1  0  0  0  0  0/0    26:31   2:54   3:43 
Denis Gurianov           0  0  0  -3  0   2  1  1  0  0  0/0    13:46   1:38   0:00 
Dylan Strome             0  0  0   0  4   0  1  0  0  1  3/6    13:11   0:00   1:01 
Jeremy Lauzon            0  1  1  -1  0   0  0  0  0  1  0/0    16:28   1:04   0:32 
Kerby Rychel             0  0  0  -1  0   1  2  0  0  0  0/0     9:56   0:00   3:13 
Kevin Fiala              0  0  0   0  0   1  1  0  0  0  0/0    11:48   0:00   0:00 
Matt Tennyson            0  0  0  -1  2   3  3  1  0  1  0/0    20:19   1:04   3:40 
Michael Chaput           1  0  1  -3  0   3  1  0  2  0  5/7    18:27   1:38   4:08 
Nicolas Aube-Kubel       0  0  0  -1  0   0  1  0  0  0  0/0     6:19   0:00   0:00 
Oliver Kylington         0  1  1   1  0   0  0  0  0  0  0/0    13:14   0:00   2:19 
Oscar Sundqvist          1  1  2   1  0   7  0  0  0  1  16/39  21:35   2:20   4:28 
Wiley Sherman            0  0  0  -3  0   2  1  1  0  0  0/0    27:36   2:54   4:49 
William Nylander         0  1  1  -3  0   0  2  2  1  1  1/2    16:34   1:38   2:18 

3 Stars

1 - Dmitrij Jaskin (Tol)
2 - Joel Edmundson (Tol)
3 - Vincent Trocheck (Tol)

Power Play

Sewer Rats - 1 on 6 Attempt(s) - 16.67%
Atomiques - 0 on 2 Attempt(s) - 0.00%

Penalty Kill

Sewer Rats - 2 on 2 Attempt(s) - 100.00% - Score 0 goal in Penalty Kill
Atomiques - 5 on 6 Attempt(s) - 83.33% - Score 0 goal in Penalty Kill

Team Stat

Sewer Rats - Hits : 25 - Faceoff Wins : 32 - Blocked Shots : 13 - Penalty Minutes : 4
Atomiques - Hits : 17 - Faceoff Wins : 26 - Blocked Shots : 5 - Penalty Minutes : 12

Official

Referees : Unknown
Linesman : Unknown

Game Notes

Kaapo Kahkonen enters game at 1:05 of 3rd period

Finance

Level 1 -- Attendance: 1364 (68.20%) -- Ticket Income $54,560
Level 2 -- Attendance: 687 (68.70%) -- Ticket Income $13,740
Total Attendance: 2051 (68.37%)
Total Ticket Income: $68,300
Other Income: $3,415
Total Income: $71,715

Sewer Rats

5 vs 5 Forward 
   Center                   Left Wing                Right Wing               Time % Phy DF OF 
 1 Vincent Trocheck         Daniel Carr              Mark Mancari             40     1   2  2  
 2 Jonathan Marchessault    Joseph Blandisi          Erik Condra              30     1   2  2  
 3 Drake Caggiula           Anthony Duclair          Dmitrij Jaskin           20     1   2  2  
 4 Jared McCann             Zach Aston-Reese         Nick Cousins             10     1   2  2  

5 vs 5 Defense 
   Defense                  Defense                                           Time % Phy DF OF 
 1 Stefan Elliott           Jarred Tinordi                                    40     1   2  2  
 2 Joel Edmundson           John Ramage                                       30     1   2  2  
 3 Ryan Murphy              Connor Carrick                                    20     1   2  2  
 4 Thomas Chabot            Xavier Ouellet                                    10     1   2  2  

PowerPlay Forward 
   Center                   Left Wing                Right Wing               Time % Phy DF OF 
 1 Vincent Trocheck         Daniel Carr              Mark Mancari             60     1   2  2  
 2 Jonathan Marchessault    Joseph Blandisi          Erik Condra              40     1   2  2  

PowerPlay Defense
   Defense                  Defense                                           Time % Phy DF OF 
 1 Thomas Chabot            Stefan Elliott                                    60     1   2  2  
 2 Joel Edmundson           John Ramage                                       40     1   2  2  

Penalty Kill 4 Players Forward 
   Center                   Wing                     Time % Phy DF OF 
 1 Vincent Trocheck         Mark Mancari             60     1   2  2  
 2 Daniel Carr              Erik Condra              40     1   2  2  

Penalty Kill 4 Players Defense
   Defense                  Defense                  Time % Phy DF OF 
 1 Stefan Elliott           Jarred Tinordi           60     1   2  2  
 2 Joel Edmundson           John Ramage              40     1   2  2  

Penalty Kill - 3 Players Forward 
   Forward                                           Time % Phy DF OF 
 1 Vincent Trocheck                                  60     1   2  2  
 2 Mark Mancari                                      40     1   2  2  

Penalty Kill - 3 Players Defense
   Defense                  Defense                  Time % Phy DF OF 
 1 Stefan Elliott           Jarred Tinordi           60     1   2  2  
 2 Joel Edmundson           John Ramage              40     1   2  2  

4 vs 4 Forward 
   Center                   Wing                     Time % Phy DF OF 
 1 Vincent Trocheck         Mark Mancari             60     1   2  2  
 2 Daniel Carr              Erik Condra              40     1   2  2  

4 vs 4 Defense
   Defense                  Defense                  Time % Phy DF OF 
 1 Stefan Elliott           Jarred Tinordi           60     1   2  2  
 2 Joel Edmundson           John Ramage              40     1   2  2  

Last Minutes Offensive
   Center                   Left Wing                Right Wing               Defense                  Defense                  
   Vincent Trocheck         Daniel Carr              Mark Mancari             Stefan Elliott           Jarred Tinordi           

Last Minutes Defensive
   Center                   Left Wing                Right Wing               Defense                  Defense                  
   Vincent Trocheck         Daniel Carr              Mark Mancari             Stefan Elliott           Jarred Tinordi           

Goaltenders
Starting : Darcy Kuemper            
Backup : Marek Mazanek            

Extra Forwards
Normal : Zach Aston-Reese, Dmitrij Jaskin, Nick Cousins - PP : Zach Aston-Reese, Dmitrij Jaskin - PK : Nick Cousins
Extra Defensemen
Normal : Ryan Murphy, Connor Carrick, Thomas Chabot - PP : Ryan Murphy - PK : Connor Carrick, Thomas Chabot
Penalty Shots
Vincent Trocheck, Mark Mancari, Daniel Carr, Erik Condra, Jonathan Marchessault

Scratches
Dominik Kubalik (Healthy), Josh Archibald (Healthy), Jonathan Racine (Healthy), Tyler Motte (Healthy), Chris Calhan (Healthy)
Mark Friedman (Healthy), Michael Dal Colle (Healthy), Matteson Iacopelli (Healthy), Adin Hill (Healthy), Antoine Bibeau (Healthy)

Atomiques

5 vs 5 Forward 
   Center                   Left Wing                Right Wing               Time % Phy DF OF 
 1 Oscar Sundqvist          Brock McGinn             Christian Fischer        40     1   2  2  
 2 Michael Chaput           William Nylander         Denis Gurianov           25     1   2  2  
 3 Dylan Strome             Brendan Perlini          Kevin Fiala              25     1   2  2  
 4 Chase De Leo             Kerby Rychel             Nicolas Aube-Kubel       10     1   2  2  

5 vs 5 Defense 
   Defense                  Defense                                           Time % Phy DF OF 
 1 Wiley Sherman            Cody Goloubef                                     40     1   2  2  
 2 Matt Tennyson            Jeremy Lauzon                                     30     1   2  2  
 3 Brendan Guhle            Oliver Kylington                                  20     1   2  2  
 4 Wiley Sherman            Cody Goloubef                                     10     1   2  2  

PowerPlay Forward 
   Center                   Left Wing                Right Wing               Time % Phy DF OF 
 1 Oscar Sundqvist          Brock McGinn             Christian Fischer        60     1   2  2  
 2 Michael Chaput           William Nylander         Denis Gurianov           40     1   2  2  

PowerPlay Defense
   Defense                  Defense                                           Time % Phy DF OF 
 1 Wiley Sherman            Cody Goloubef                                     60     1   2  2  
 2 Matt Tennyson            Jeremy Lauzon                                     40     1   2  2  

Penalty Kill 4 Players Forward 
   Center                   Wing                     Time % Phy DF OF 
 1 Oscar Sundqvist          Brock McGinn             60     1   2  2  
 2 Michael Chaput           William Nylander         40     1   2  2  

Penalty Kill 4 Players Defense
   Defense                  Defense                  Time % Phy DF OF 
 1 Wiley Sherman            Cody Goloubef            60     1   2  2  
 2 Matt Tennyson            Brendan Guhle            40     1   2  2  

Penalty Kill - 3 Players Forward 
   Forward                                           Time % Phy DF OF 
 1 Oscar Sundqvist                                   60     1   2  2  
 2 Michael Chaput                                    40     1   2  2  

Penalty Kill - 3 Players Defense
   Defense                  Defense                  Time % Phy DF OF 
 1 Matt Tennyson            Cody Goloubef            60     1   2  2  
 2 Wiley Sherman            Brendan Guhle            40     1   2  2  

4 vs 4 Forward 
   Center                   Wing                     Time % Phy DF OF 
 1 Oscar Sundqvist          Brock McGinn             60     1   2  2  
 2 Michael Chaput           William Nylander         40     1   2  2  

4 vs 4 Defense
   Defense                  Defense                  Time % Phy DF OF 
 1 Wiley Sherman            Cody Goloubef            60     1   2  2  
 2 Matt Tennyson            Jeremy Lauzon            40     1   2  2  

Last Minutes Offensive
   Center                   Left Wing                Right Wing               Defense                  Defense                  
   Oscar Sundqvist          Brock McGinn             Christian Fischer        Wiley Sherman            Cody Goloubef            

Last Minutes Defensive
   Center                   Left Wing                Right Wing               Defense                  Defense                  
   Michael Chaput           Brock McGinn             Christian Fischer        Matt Tennyson            Cody Goloubef            

Goaltenders
Starting : Alex Nedeljkovic         
Backup : Kaapo Kahkonen           

Extra Forwards
Normal : William Nylander, Brendan Perlini, Brock McGinn - PP : Brendan Perlini, Kevin Fiala - PK : Brock McGinn
Extra Defensemen
Normal : Brendan Guhle, Oliver Kylington, Wiley Sherman - PP : Brendan Guhle - PK : Oliver Kylington, Wiley Sherman
Penalty Shots
Brock McGinn, Oscar Sundqvist, Michael Chaput, William Nylander, Kerby Rychel

Scratches
Sean Walker (Healthy), Max McCormick (Healthy), Dalton Smith (Healthy), Axel Holmstrom (Healthy), Keegan Iverson (Healthy)

% Time on Ice - Sewer Rats

Lines # - Real PCT - Wanted PCT - Time Play
Normal Forward
1 - 34% - 40% - 15:28
2 - 26% - 30% - 12:02
3 - 23% - 20% - 10:46
4 - 17% - 10% - 7:40
Normal Defense
1 - 42% - 40% - 19:21
2 - 29% - 30% - 13:08
3 - 20% - 20% - 9:24
4 - 9% - 10% - 4:03
PP Forward
1 - 54% - 60% - 5:29
2 - 46% - 40% - 4:37
PP Defense
1 - 56% - 60% - 5:42
2 - 44% - 40% - 4:24
PK Forward
1 - 79% - 60% - 3:08
2 - 21% - 40% - 0:50
PK Defense
1 - 73% - 60% - 2:53
2 - 27% - 40% - 1:05
PK3 Forward
1 - 0% - 60%
2 - 0% - 40%
PK3 Defense
1 - 0% - 60%
2 - 0% - 40%
44 Forward
1 - 0% - 60%
2 - 0% - 40%
44 Defense
1 - 0% - 60%
2 - 0% - 40%
Last Minute Offensive  - 0:00
Last Minute Defensive  - 0:00
Total
Forward - 60:00
Defense - 60:00

% Time on Ice - Atomiques

Lines # - Real PCT - Wanted PCT - Time Play
Normal Forward
1 - 33% - 40% - 15:11
2 - 28% - 25% - 12:38
3 - 26% - 25% - 11:48
4 - 14% - 10% - 6:19
Normal Defense
1 - 40% - 40% - 18:29
2 - 33% - 30% - 15:06
3 - 23% - 20% - 10:44
4 - 4% - 10% - 1:37
PP Forward
1 - 59% - 60% - 2:20
2 - 41% - 40% - 1:38
PP Defense
1 - 73% - 60% - 2:54
2 - 27% - 40% - 1:04
PK Forward
1 - 80% - 60% - 8:03
2 - 20% - 40% - 2:03
PK Defense
1 - 53% - 60% - 5:21
2 - 47% - 40% - 4:45
PK3 Forward
1 - 0% - 60%
2 - 0% - 40%
PK3 Defense
1 - 0% - 60%
2 - 0% - 40%
44 Forward
1 - 0% - 60%
2 - 0% - 40%
44 Defense
1 - 0% - 60%
2 - 0% - 40%
Last Minute Offensive  - 0:00
Last Minute Defensive  - 0:00
Total
Forward - 60:00
Defense - 60:00

Play-by-Play

1st period


0:01 of 1st period - Oscar Sundqvist wins face-off versus Vincent Trocheck in neutral zone.
0:16 of 1st period - Wrist shot by Oscar Sundqvist.
0:16 of 1st period - Stopped by Darcy Kuemper without a rebound.
0:17 of 1st period - Michael Chaput wins face-off versus Jonathan Marchessault in Sewer Rats zone.
1:01 of 1st period - Brendan Guhle is hit by Jared McCann.
1:05 of 1st period - Joel Edmundson is hit by Brendan Guhle.
1:27 of 1st period - Wrist shot by Oscar Sundqvist.
1:27 of 1st period - Goal by Oscar Sundqvist - Sewer Rats : 0 - Atomiques : 1.
1:28 of 1st period - Vincent Trocheck wins face-off versus Oscar Sundqvist in neutral zone.
1:39 of 1st period - Snap shot by Oscar Sundqvist.
1:39 of 1st period - Stopped by Darcy Kuemper without a rebound.
1:40 of 1st period - William Nylander wins face-off versus Jonathan Marchessault in Sewer Rats zone.
1:47 of 1st period - Wrist shot by William Nylander.
1:47 of 1st period - Shot Misses the Net.
2:50 of 1st period - Connor Carrick is hit by William Nylander and loses puck.
3:09 of 1st period - Backhand shot by Brock McGinn.
3:09 of 1st period - Stopped by Darcy Kuemper without a rebound.
3:10 of 1st period - Oscar Sundqvist wins face-off versus Jared McCann in Sewer Rats zone.
3:17 of 1st period - Snap shot by Oscar Sundqvist.
3:17 of 1st period - Shot Misses the Net.
3:23 of 1st period - Brock McGinn is hit by Joel Edmundson and loses puck.
3:44 of 1st period - Slapshot by Brendan Perlini.
3:44 of 1st period - Shot Misses the Net.
4:57 of 1st period - Matt Tennyson is hit by Connor Carrick and loses puck.
5:42 of 1st period - Wrist shot by Kerby Rychel.
5:42 of 1st period - Stopped by Darcy Kuemper with a rebound.
5:44 of 1st period - Wrist shot by Matt Tennyson.
5:44 of 1st period - Stopped by Darcy Kuemper without a rebound.
5:45 of 1st period - Daniel Carr wins face-off versus Oscar Sundqvist in Sewer Rats zone.
5:45 of 1st period - Daniel Carr is hit by Brock McGinn.
5:57 of 1st period - Backhand shot by Daniel Carr.
5:57 of 1st period - Deflect By Vincent Trocheck.
5:57 of 1st period - Deflect By Brock McGinn.
5:57 of 1st period - Stopped by Alex Nedeljkovic without a rebound.
5:58 of 1st period - Vincent Trocheck wins face-off versus Oscar Sundqvist in Atomiques zone.
6:03 of 1st period - Snap shot by Daniel Carr.
6:03 of 1st period - Stopped by Alex Nedeljkovic with a rebound.
6:05 of 1st period - Wrist shot by Mark Mancari.
6:05 of 1st period - Shot Misses the Net.
6:07 of 1st period - Slapshot by Stefan Elliott.
6:07 of 1st period - Stopped by Alex Nedeljkovic without a rebound.
6:08 of 1st period - Oscar Sundqvist wins face-off versus Vincent Trocheck in Atomiques zone.
6:17 of 1st period - Slapshot by Brock McGinn.
6:17 of 1st period - Stopped by Darcy Kuemper with a rebound.
6:38 of 1st period - Backhand shot by Mark Mancari.
6:38 of 1st period - Stopped by Alex Nedeljkovic without a rebound.
6:39 of 1st period - Dylan Strome wins face-off versus Jonathan Marchessault in Atomiques zone.
6:39 of 1st period - Dylan Strome is hit by Joel Edmundson.
6:51 of 1st period - Wrist shot by Kevin Fiala.
6:51 of 1st period - Stopped by Darcy Kuemper with a rebound.
7:09 of 1st period - Wrist shot by Denis Gurianov.
7:09 of 1st period - Shot Misses the Net.
7:11 of 1st period - Slapshot by William Nylander.
7:11 of 1st period - Shot Misses the Net.
7:13 of 1st period - Slapshot by Jeremy Lauzon.
7:13 of 1st period - Shot Blocked by Drake Caggiula.
7:15 of 1st period - Snap shot by Michael Chaput.
7:15 of 1st period - Goal by Michael Chaput - Sewer Rats : 0 - Atomiques : 2.
7:16 of 1st period - Oscar Sundqvist wins face-off versus Vincent Trocheck in neutral zone.
7:45 of 1st period - Icing by Connor Carrick.
7:46 of 1st period - Dylan Strome wins face-off versus Jonathan Marchessault in Sewer Rats zone.
7:49 of 1st period - Wrist shot by Kevin Fiala.
7:49 of 1st period - Shot Misses the Net.
8:11 of 1st period - Dylan Strome is hit by Drake Caggiula and loses puck.
8:22 of 1st period - Snap shot by Brendan Perlini.
8:22 of 1st period - Stopped by Darcy Kuemper without a rebound.
8:23 of 1st period - Daniel Carr wins face-off versus Oscar Sundqvist in Sewer Rats zone.
8:48 of 1st period - William Nylander is hit by Joel Edmundson and loses puck.
9:34 of 1st period - Jeremy Lauzon is hit by Jarred Tinordi and loses puck.
10:29 of 1st period - Snap shot by Denis Gurianov.
10:29 of 1st period - Shot Blocked by Ryan Murphy.
10:48 of 1st period - Off-side.
10:49 of 1st period - Dylan Strome wins face-off versus Jared McCann in neutral zone.
11:16 of 1st period - Wrist shot by Oscar Sundqvist.
11:16 of 1st period - Deflect By Brock McGinn.
11:16 of 1st period - Shot Misses the Net.
11:16 of 1st period - Puck is out of play.
11:17 of 1st period - Oscar Sundqvist wins face-off versus Vincent Trocheck in Sewer Rats zone.
11:20 of 1st period - Snap shot by Oscar Sundqvist.
11:20 of 1st period - Stopped by Darcy Kuemper with a rebound.
12:04 of 1st period - Wrist shot by Brock McGinn.
12:04 of 1st period - Deflect By Oscar Sundqvist.
12:04 of 1st period - Deflect By Vincent Trocheck.
12:04 of 1st period - Stopped by Darcy Kuemper with a rebound.
12:16 of 1st period - Wrist shot by Oscar Sundqvist.
12:16 of 1st period - Stopped by Darcy Kuemper without a rebound.
12:17 of 1st period - Michael Chaput wins face-off versus Jonathan Marchessault in Sewer Rats zone.
12:47 of 1st period - Slapshot by Brendan Perlini.
12:47 of 1st period - Stopped by Darcy Kuemper with a rebound.
12:49 of 1st period - Wrist shot by Matt Tennyson.
12:49 of 1st period - Stopped by Darcy Kuemper with a rebound.
12:57 of 1st period - Drake Caggiula is hit by Dylan Strome and loses puck.
13:27 of 1st period - William Nylander is hit by Joseph Blandisi and loses puck.
13:57 of 1st period - Minor Penalty to Dylan Strome for Holding.
13:58 of 1st period - Vincent Trocheck wins face-off versus Oscar Sundqvist in Atomiques zone.
14:32 of 1st period - Wrist shot by Jonathan Marchessault.
14:32 of 1st period - Stopped by Alex Nedeljkovic with a rebound.
14:49 of 1st period - William Nylander is hit by Joel Edmundson and loses puck.
15:56 of 1st period - Kerby Rychel is hit by Nick Cousins and loses puck.
15:57 of 1st period - Penalty to Dylan Strome is over, Dylan Strome is back on ice.
16:01 of 1st period - Snap shot by Dmitrij Jaskin.
16:01 of 1st period - Shot Misses the Net.
16:19 of 1st period - Brendan Guhle is hit by Dmitrij Jaskin and loses puck.
17:15 of 1st period - Jarred Tinordi is hit by Denis Gurianov and loses puck.
17:30 of 1st period - William Nylander is hit by Stefan Elliott and loses puck.
17:37 of 1st period - Wrist shot by Anthony Duclair.
17:37 of 1st period - Stopped by Alex Nedeljkovic with a rebound.
17:50 of 1st period - Icing by Joel Edmundson.
17:51 of 1st period - Drake Caggiula wins face-off versus Christian Fischer in Sewer Rats zone.
18:26 of 1st period - Snap shot by Kevin Fiala.
18:26 of 1st period - Shot Blocked by Joel Edmundson.
18:32 of 1st period - Kevin Fiala is hit by Mark Mancari and loses puck.
19:52 of 1st period - Slapshot by Erik Condra.
19:52 of 1st period - Stopped by Alex Nedeljkovic with a rebound.
Goals for this period are 0 for Sewer Rats vs 2 for Atomiques.
Shots for this period are 7 for Sewer Rats vs 15 for Atomiques.

2nd period


0:01 of 2nd period - Vincent Trocheck wins face-off versus Brock McGinn in neutral zone.
0:53 of 2nd period - Snap shot by Dmitrij Jaskin.
0:53 of 2nd period - Shot Misses the Net.
1:01 of 2nd period - Kevin Fiala is hit by Dmitrij Jaskin and loses puck.
1:16 of 2nd period - Slapshot by Mark Mancari.
1:16 of 2nd period - Shot Misses the Net.
1:22 of 2nd period - Snap shot by Vincent Trocheck.
1:22 of 2nd period - Stopped by Alex Nedeljkovic without a rebound.
1:23 of 2nd period - Vincent Trocheck wins face-off versus Oscar Sundqvist in Atomiques zone.
1:24 of 2nd period - Slapshot by Daniel Carr.
1:24 of 2nd period - Deflect By Mark Mancari.
1:24 of 2nd period - Stopped by Alex Nedeljkovic with a rebound.
1:26 of 2nd period - Snap shot by Vincent Trocheck.
1:26 of 2nd period - Stopped by Alex Nedeljkovic with a rebound.
1:28 of 2nd period - Slapshot by Jarred Tinordi.
1:28 of 2nd period - Stopped by Alex Nedeljkovic without a rebound.
1:29 of 2nd period - Oscar Sundqvist wins face-off versus Vincent Trocheck in Atomiques zone.
2:39 of 2nd period - Snap shot by Brock McGinn.
2:39 of 2nd period - Shot Misses the Net.
2:41 of 2nd period - Slapshot by Christian Fischer.
2:41 of 2nd period - Stopped by Darcy Kuemper with a rebound.
2:43 of 2nd period - Slapshot by Brendan Guhle.
2:43 of 2nd period - Shot Misses the Net.
2:45 of 2nd period - Wrist shot by Brock McGinn.
2:45 of 2nd period - Shot Blocked by Joel Edmundson.
3:01 of 2nd period - Wrist shot by Mark Mancari.
3:01 of 2nd period - Shot Misses the Net.
3:03 of 2nd period - Wrist shot by Mark Mancari.
3:03 of 2nd period - Stopped by Alex Nedeljkovic with a rebound.
3:05 of 2nd period - Snap shot by Mark Mancari.
3:05 of 2nd period - Goal by Mark Mancari - Sewer Rats : 1 - Atomiques : 2.
3:06 of 2nd period - Oscar Sundqvist wins face-off versus Vincent Trocheck in neutral zone.
3:18 of 2nd period - Icing by Stefan Elliott.
3:19 of 2nd period - Oscar Sundqvist wins face-off versus Vincent Trocheck in Sewer Rats zone.
3:32 of 2nd period - Wrist shot by Brock McGinn.
3:32 of 2nd period - Stopped by Darcy Kuemper with a rebound.
4:28 of 2nd period - Off-side.
4:29 of 2nd period - Jared McCann wins face-off versus Oscar Sundqvist in neutral zone.
4:55 of 2nd period - Minor Penalty to Erik Condra for Holding.
4:56 of 2nd period - Brock McGinn wins face-off versus Vincent Trocheck in Sewer Rats zone.
5:55 of 2nd period - Wrist shot by Nick Cousins.
5:55 of 2nd period - Stopped by Alex Nedeljkovic with a rebound.
6:07 of 2nd period - William Nylander is hit by John Ramage and loses puck.
6:11 of 2nd period - Icing by William Nylander.
6:12 of 2nd period - Vincent Trocheck wins face-off versus William Nylander in Atomiques zone.
6:53 of 2nd period - Jarred Tinordi is hit by Matt Tennyson and loses puck.
6:55 of 2nd period - Penalty to Erik Condra is over, Erik Condra is back on ice.
7:34 of 2nd period - Slapshot by Cody Goloubef.
7:34 of 2nd period - Shot Blocked by Jarred Tinordi.
7:48 of 2nd period - Wrist shot by Dmitrij Jaskin.
7:48 of 2nd period - Goal by Dmitrij Jaskin - Sewer Rats : 2 - Atomiques : 2.
7:49 of 2nd period - Oscar Sundqvist wins face-off versus Vincent Trocheck in neutral zone.
7:56 of 2nd period - Snap shot by Brock McGinn.
7:56 of 2nd period - Stopped by Darcy Kuemper with a rebound.
8:14 of 2nd period - William Nylander is hit by Jonathan Marchessault and loses puck.
8:21 of 2nd period - Wrist shot by William Nylander.
8:21 of 2nd period - Shot Misses the Net.
8:23 of 2nd period - Slapshot by Jeremy Lauzon.
8:23 of 2nd period - Shot Misses the Net.
8:40 of 2nd period - Drake Caggiula is hit by Kerby Rychel and loses puck.
8:57 of 2nd period - Wrist shot by Nick Cousins.
8:57 of 2nd period - Stopped by Alex Nedeljkovic with a rebound.
9:13 of 2nd period - Minor Penalty to Dylan Strome for Holding.
9:14 of 2nd period - Oscar Sundqvist wins face-off versus Vincent Trocheck in Atomiques zone.
9:49 of 2nd period - William Nylander is hit by Jonathan Marchessault.
9:53 of 2nd period - Slapshot by Wiley Sherman.
9:53 of 2nd period - Stopped by Darcy Kuemper with a rebound.
11:13 of 2nd period - Penalty to Dylan Strome is over, Dylan Strome is back on ice.
11:43 of 2nd period - Snap shot by Jared McCann.
11:43 of 2nd period - Stopped by Alex Nedeljkovic with a rebound.
12:49 of 2nd period - Stefan Elliott is hit by Christian Fischer and loses puck.
13:53 of 2nd period - Daniel Carr is hit by Michael Chaput and loses puck.
14:24 of 2nd period - Snap shot by Dmitrij Jaskin.
14:24 of 2nd period - Shot Blocked by William Nylander.
14:46 of 2nd period - Slapshot by Matt Tennyson.
14:46 of 2nd period - Deflect By Christian Fischer.
14:46 of 2nd period - Shot Blocked by Zach Aston-Reese.
14:46 of 2nd period - Puck is out of play.
14:47 of 2nd period - Jared McCann wins face-off versus Oscar Sundqvist in Sewer Rats zone.
15:14 of 2nd period - Dylan Strome is hit by Erik Condra and loses puck.
15:36 of 2nd period - Off-side.
15:37 of 2nd period - Oscar Sundqvist wins face-off versus Vincent Trocheck in neutral zone.
15:48 of 2nd period - Snap shot by Brock McGinn.
15:48 of 2nd period - Deflect By Oscar Sundqvist.
15:48 of 2nd period - Shot Misses the Net.
15:48 of 2nd period - Puck is out of play.
15:49 of 2nd period - Vincent Trocheck wins face-off versus Oscar Sundqvist in Sewer Rats zone.
15:55 of 2nd period - Off-side.
15:56 of 2nd period - Oscar Sundqvist wins face-off versus Daniel Carr in neutral zone.
16:07 of 2nd period - Snap shot by Brock McGinn.
16:07 of 2nd period - Goal by Brock McGinn - Sewer Rats : 2 - Atomiques : 3.
16:08 of 2nd period - Vincent Trocheck wins face-off versus Oscar Sundqvist in neutral zone.
17:02 of 2nd period - Slapshot by Stefan Elliott.
17:02 of 2nd period - Shot Blocked by William Nylander.
17:04 of 2nd period - Slapshot by Jared McCann.
17:04 of 2nd period - Stopped by Alex Nedeljkovic without a rebound.
17:05 of 2nd period - Mark Mancari wins face-off versus Oscar Sundqvist in Atomiques zone.
17:08 of 2nd period - Wrist shot by Vincent Trocheck.
17:08 of 2nd period - Goal by Vincent Trocheck - Sewer Rats : 3 - Atomiques : 3.
17:09 of 2nd period - Oscar Sundqvist wins face-off versus Vincent Trocheck in neutral zone.
17:11 of 2nd period - Minor Penalty to Cody Goloubef for Goalie Interference.
17:12 of 2nd period - Vincent Trocheck wins face-off versus Oscar Sundqvist in Atomiques zone.
19:11 of 2nd period - Penalty to Cody Goloubef is over, Cody Goloubef is back on ice.
19:40 of 2nd period - Minor Penalty to Chase De Leo for Hooking.
19:41 of 2nd period - Vincent Trocheck wins face-off versus Oscar Sundqvist in Atomiques zone.
19:41 of 2nd period - Wrist shot by Mark Mancari.
19:41 of 2nd period - Shot Blocked by Matt Tennyson.
19:49 of 2nd period - Snap shot by Vincent Trocheck.
19:49 of 2nd period - Stopped by Alex Nedeljkovic with a rebound.
19:51 of 2nd period - Snap shot by Joel Edmundson.
19:51 of 2nd period - Goal by Joel Edmundson - Sewer Rats : 4 - Atomiques : 3.
19:52 of 2nd period - Vincent Trocheck wins face-off versus Oscar Sundqvist in neutral zone.
Goals for this period are 4 for Sewer Rats vs 1 for Atomiques.
Shots for this period are 14 for Sewer Rats vs 5 for Atomiques.

3rd period


0:01 of 3rd period - Vincent Trocheck wins face-off versus Oscar Sundqvist in neutral zone.
0:31 of 3rd period - Wrist shot by Joseph Blandisi.
0:31 of 3rd period - Deflect By Erik Condra.
0:31 of 3rd period - Stopped by Alex Nedeljkovic with a rebound.
0:38 of 3rd period - Off-side.
0:39 of 3rd period - Drake Caggiula wins face-off versus Oscar Sundqvist in neutral zone.
0:45 of 3rd period - Icing by Matt Tennyson.
0:46 of 3rd period - Drake Caggiula wins face-off versus Oscar Sundqvist in Atomiques zone.
1:05 of 3rd period - Backhand shot by Anthony Duclair.
1:05 of 3rd period - Goal by Anthony Duclair - Sewer Rats : 5 - Atomiques : 3.
1:05 of 3rd period - Kaapo Kahkonen enters game.
1:06 of 3rd period - Daniel Carr wins face-off versus Oscar Sundqvist in neutral zone.
1:33 of 3rd period - Cody Goloubef is hit by Joseph Blandisi and loses puck.
1:54 of 3rd period - Wrist shot by Jared McCann.
1:54 of 3rd period - Stopped by Kaapo Kahkonen with a rebound.
1:56 of 3rd period - Slapshot by Joel Edmundson.
1:56 of 3rd period - Shot Blocked by Denis Gurianov.
1:58 of 3rd period - Snap shot by Zach Aston-Reese.
1:58 of 3rd period - Goal by Zach Aston-Reese - Sewer Rats : 6 - Atomiques : 3.
1:59 of 3rd period - Oscar Sundqvist wins face-off versus Vincent Trocheck in neutral zone.
2:14 of 3rd period - Snap shot by Oscar Sundqvist.
2:14 of 3rd period - Deflect By Brock McGinn.
2:14 of 3rd period - Shot Hit the Post.
2:14 of 3rd period - Puck is out of play.
2:15 of 3rd period - Michael Chaput wins face-off versus Jonathan Marchessault in Sewer Rats zone.
2:18 of 3rd period - Wrist shot by Michael Chaput.
2:18 of 3rd period - Shot Misses the Net.
2:20 of 3rd period - Wrist shot by Denis Gurianov.
2:20 of 3rd period - Shot Misses the Net.
2:22 of 3rd period - Snap shot by Michael Chaput.
2:22 of 3rd period - Stopped by Darcy Kuemper without a rebound.
2:23 of 3rd period - Jonathan Marchessault wins face-off versus Michael Chaput in Sewer Rats zone.
3:04 of 3rd period - Wrist shot by Joseph Blandisi.
3:04 of 3rd period - Stopped by Kaapo Kahkonen with a rebound.
3:22 of 3rd period - Snap shot by Michael Chaput.
3:22 of 3rd period - Shot Blocked by Joseph Blandisi.
3:24 of 3rd period - Slapshot by Denis Gurianov.
3:24 of 3rd period - Stopped by Darcy Kuemper with a rebound.
3:32 of 3rd period - Erik Condra is hit by William Nylander and loses puck.
3:51 of 3rd period - Snap shot by Joseph Blandisi.
3:51 of 3rd period - Goal by Joseph Blandisi - Sewer Rats : 7 - Atomiques : 3.
3:52 of 3rd period - Vincent Trocheck wins face-off versus Brock McGinn in neutral zone.
4:06 of 3rd period - Minor Penalty to Matt Tennyson for Diving.
4:07 of 3rd period - Vincent Trocheck wins face-off versus Oscar Sundqvist in Atomiques zone.
6:06 of 3rd period - Penalty to Matt Tennyson is over, Matt Tennyson is back on ice.
6:35 of 3rd period - Snap shot by Matt Tennyson.
6:35 of 3rd period - Stopped by Darcy Kuemper without a rebound.
6:36 of 3rd period - Drake Caggiula wins face-off versus Dylan Strome in Sewer Rats zone.
6:36 of 3rd period - Drake Caggiula is hit by Matt Tennyson.
7:02 of 3rd period - Oscar Sundqvist is hit by Zach Aston-Reese and loses puck.
7:07 of 3rd period - Slapshot by Jared McCann.
7:07 of 3rd period - Stopped by Kaapo Kahkonen with a rebound.
7:15 of 3rd period - Zach Aston-Reese is hit by Brock McGinn and loses puck.
8:25 of 3rd period - Nicolas Aube-Kubel is hit by Jared McCann and loses puck.
8:40 of 3rd period - Snap shot by Kevin Fiala.
8:40 of 3rd period - Deflect By Brendan Perlini.
8:40 of 3rd period - Shot Blocked by Joseph Blandisi.
8:40 of 3rd period - Puck is out of play.
8:41 of 3rd period - Vincent Trocheck wins face-off versus Dylan Strome in Sewer Rats zone.
9:06 of 3rd period - Jonathan Marchessault is hit by Nicolas Aube-Kubel and loses puck.
9:15 of 3rd period - Erik Condra is hit by Kerby Rychel and loses puck.
9:30 of 3rd period - Slapshot by Joel Edmundson.
9:30 of 3rd period - Deflect By Drake Caggiula.
9:30 of 3rd period - Shot Misses the Net.
9:30 of 3rd period - Puck is out of play.
9:31 of 3rd period - Oscar Sundqvist wins face-off versus Drake Caggiula in Atomiques zone.
10:02 of 3rd period - Wrist shot by Brendan Perlini.
10:02 of 3rd period - Shot Blocked by Connor Carrick.
10:04 of 3rd period - Slapshot by Cody Goloubef.
10:04 of 3rd period - Stopped by Darcy Kuemper without a rebound.
10:05 of 3rd period - Vincent Trocheck wins face-off versus Dylan Strome in Sewer Rats zone.
10:05 of 3rd period - Vincent Trocheck is hit by Kevin Fiala.
10:31 of 3rd period - Joel Edmundson is hit by Matt Tennyson and loses puck.
10:48 of 3rd period - Snap shot by Mark Mancari.
10:48 of 3rd period - Stopped by Kaapo Kahkonen without a rebound.
10:49 of 3rd period - Oscar Sundqvist wins face-off versus Jonathan Marchessault in Atomiques zone.
11:59 of 3rd period - Brendan Guhle is hit by Erik Condra and loses puck.
12:20 of 3rd period - Brock McGinn is hit by Vincent Trocheck and loses puck.
12:32 of 3rd period - Minor Penalty to Joel Edmundson for Hooking.
12:33 of 3rd period - Vincent Trocheck wins face-off versus Oscar Sundqvist in Sewer Rats zone.
12:56 of 3rd period - Icing by Cody Goloubef.
12:57 of 3rd period - Vincent Trocheck wins face-off versus Oscar Sundqvist in Atomiques zone.
13:12 of 3rd period - Slapshot by Brock McGinn.
13:12 of 3rd period - Deflect By Oscar Sundqvist.
13:12 of 3rd period - Stopped by Darcy Kuemper without a rebound.
13:13 of 3rd period - Vincent Trocheck wins face-off versus Michael Chaput in Sewer Rats zone.
13:18 of 3rd period - Cody Goloubef is hit by Vincent Trocheck and loses puck.
13:45 of 3rd period - Snap shot by William Nylander.
13:45 of 3rd period - Shot Blocked by Daniel Carr.
13:47 of 3rd period - Slapshot by Wiley Sherman.
13:47 of 3rd period - Stopped by Darcy Kuemper without a rebound.
13:48 of 3rd period - Mark Mancari wins face-off versus Oscar Sundqvist in Sewer Rats zone.
14:01 of 3rd period - Slapshot by Michael Chaput.
14:01 of 3rd period - Shot Blocked by Mark Mancari.
14:03 of 3rd period - Snap shot by Denis Gurianov.
14:03 of 3rd period - Stopped by Darcy Kuemper with a rebound.
14:05 of 3rd period - Slapshot by Michael Chaput.
14:05 of 3rd period - Stopped by Darcy Kuemper without a rebound.
14:06 of 3rd period - Michael Chaput wins face-off versus Mark Mancari in Sewer Rats zone.
14:11 of 3rd period - Wrist shot by Michael Chaput.
14:11 of 3rd period - Deflect By William Nylander.
14:11 of 3rd period - Shot Blocked by Stefan Elliott.
14:11 of 3rd period - Puck is out of play.
14:12 of 3rd period - Vincent Trocheck wins face-off versus Oscar Sundqvist in Sewer Rats zone.
14:32 of 3rd period - Penalty to Joel Edmundson is over, Joel Edmundson is back on ice.
14:33 of 3rd period - Snap shot by Oscar Sundqvist.
14:33 of 3rd period - Shot Blocked by Mark Mancari.
14:47 of 3rd period - Wrist shot by Mark Mancari.
14:47 of 3rd period - Stopped by Kaapo Kahkonen with a rebound.
14:49 of 3rd period - Snap shot by Mark Mancari.
14:49 of 3rd period - Stopped by Kaapo Kahkonen with a rebound.
15:03 of 3rd period - Wrist shot by Mark Mancari.
15:03 of 3rd period - Stopped by Kaapo Kahkonen with a rebound.
15:15 of 3rd period - Wrist shot by Vincent Trocheck.
15:15 of 3rd period - Shot Blocked by Wiley Sherman.
15:26 of 3rd period - Minor Penalty to Christian Fischer for High sticking.
15:27 of 3rd period - Michael Chaput wins face-off versus Jonathan Marchessault in Atomiques zone.
17:26 of 3rd period - Penalty to Christian Fischer is over, Christian Fischer is back on ice.
18:11 of 3rd period - Brendan Guhle is hit by Dmitrij Jaskin and loses puck.
18:41 of 3rd period - Xavier Ouellet is hit by Wiley Sherman and loses puck.
Goals for this period are 3 for Sewer Rats vs 0 for Atomiques.
Shots for this period are 11 for Sewer Rats vs 8 for Atomiques.